Map: [TLMC19] Atlantis

Players

LiquidCure (Cure) - Winner!

  • Race: Terran Terran
  • Spawn Location: 11:00

Harstem

  • Race: Protoss Protoss
  • League: Master
  • Spawn Location: 5:00

VOD

Have the link to the VOD?

Description

Time

  • Played on: Dec. 21, 2023, 8:41 a.m.
  • Length: 6:01
Show
View Real Time Build Order
Export as new Build Order

LiquidCure Terran - Winner!

Build Orders: Reaper Expand 

Get SALT Encoding   

  12  0:00  SCV  
  13  0:12  SCV  
  14  0:17  Supply Depot  
  14  0:24  SCV  
  15  0:38  SCV  
  15  0:40  Barracks  
  15  0:42  Refinery  
  16  0:50  SCV  
  17  0:57  Supply Depot  
  17  1:03  SCV  
  18  1:15  SCV  
  19  1:29  Orbital Command, Reaper  
  20  1:46  Command Center  
  20  1:56  SCV  
  20  2:00  Barracks  
  21  2:04  Barracks Reactor  
  21  2:08  SCV  
  22  2:15  Barracks  
  22  2:20  SCV  
  23  2:32  SCV  
  24  2:39  Marine  
  24  2:40  Marine  
  26  2:44  SCV  
  26  2:48  Barracks Tech Lab  
  27  2:56  SCV  
  27  2:58  Orbital Command, Marine x2  
  28  3:03  Barracks Tech Lab  
  30  3:08  SCV, Marine, Refinery  
  30  3:09  Stimpack  
  32  3:14  Orbital Command  
  32  3:16  Marine x2  
  34  3:20  SCV  
  34  3:23  Combat Shield, Supply Depot  
  35  3:28  Marine x2  
  35  3:32  SCV  
  38  3:34  Marine  
  38  3:38  Marine  
  38  3:41  SCV  
  40  3:44  SCV  
  40  3:48  Engineering Bay  
  41  3:49  Marine x2  
  41  3:52  Supply Depot  
  41  3:53  SCV  
  44  3:56  Marine  
  44  3:57  Marine  
  44  3:58  SCV  
  47  4:05  SCV  
  48  4:10  SCV  
  48  4:12  Marine x2  
  48  4:14  Marine x2  
  48  4:15  Missile Turret  
  48  4:16  Supply Depot  
  53  4:17  SCV  
  53  4:21  Missile Turret  
  53  4:23  SCV  
  55  4:29  SCV  
  56  4:32  Marine x4  
  56  4:35  SCV  
  56  4:37  Factory  
  61  4:42  SCV  
  62  4:45  Supply Depot  
  62  4:47  SCV  
  63  4:54  SCV  
  65  5:00  SCV  
  65  5:02  Command Center  
  65  5:07  Marauder x2  
  65  5:09  Marine x2  
  65  5:12  SCV x2  
  72  5:24  SCV x2  
  74  5:29  Starport, Factory Reactor  
  74  5:33  Marauder  
  78  5:36  Supply Depot  
  78  5:37  Supply Depot, SCV x2  
  78  5:45  Barracks  
  78  5:48  Barracks  
Show
View Real Time Build Order
Export as new Build Order

Harstem Protoss 

Build Orders: 1 Gate Expand, Oracle Opening, Phoenix Opening 

Get SALT Encoding   

  12  0:00  Probe  
  13  0:12  Probe  
  14  0:17  Pylon  
  14  0:24  Probe  
  15  0:35  Gateway  
  15  0:37  Probe (Chrono Boost)  
  16  0:47  Assimilator  
  16  0:48  Probe (Chrono Boost)  
  17  0:52  Probe (Chrono Boost)  
  18  1:03  Probe  
  19  1:18  Nexus  
  19  1:27  Cybernetics Core  
  19  1:30  Probe  
  20  1:38  Assimilator  
  20  1:42  Probe  
  20  1:45  Pylon  
  21  1:55  Probe  
  21  2:01  Adept (Chrono Boost)  
  22  2:07  Probe (Chrono Boost)  
  25  2:18  Probe (Chrono Boost)  
  26  2:23  Probe (Chrono Boost)  
  26  2:24  Stargate  
  26  2:25  Adept  
  29  2:30  Probe  
  29  2:33  Probe  
  31  2:39  Shield Battery  
  31  2:43  Warp Gate, Probe  
  32  2:45  Probe  
  32  2:51  Shield Battery  
  33  2:55  Probe  
  33  2:57  Probe  
  34  3:06  Oracle (Chrono Boost)  
  34  3:07  Probe  
  34  3:10  Probe  
  39  3:15  Stalker  
  39  3:19  Probe  
  42  3:22  Pylon  
  42  3:26  Probe  
  43  3:31  Probe  
  44  3:38  Probe  
  44  3:40  Phoenix  
  47  3:43  Probe  
  47  3:48  Pylon  
  48  3:50  Probe  
  49  3:58  Nexus, Probe  
  50  4:04  Phoenix (Chrono Boost)  
  50  4:06  Probe  
  53  4:10  Probe  
  53  4:16  Gateway  
  54  4:18  Probe  
  54  4:22  Probe  
  56  4:30  Probe  
  57  4:35  Sentry  
  57  4:36  Probe  
  57  4:37  Shield Battery  
  60  4:39  Pylon  
  60  4:42  Probe  
  60  4:43  Shield Battery  
  61  4:49  Probe  
  61  4:51  Assimilator  
  62  4:55  Twilight Council  
  62  4:57  Gateway, Probe  
  63  5:01  Probe  
  63  5:02  Stalker  
  66  5:11  Probe x2 (Chrono Boost)  
  66  5:13  Stalker, Probe (Chrono Boost)  
  71  5:20  Pylon  
  73  5:23  Probe (Chrono Boost)  
  73  5:24  Probe (Chrono Boost)  
  73  5:25  Probe (Chrono Boost)  
  73  5:26  Forge  
  73  5:27  Stalker  
  73  5:28  Probe (Chrono Boost)  
  66  5:29  Probe (Chrono Boost)  
  66  5:33  Probe  
  67  5:37  Probe  
  67  5:39  Gateway x2, Sentry  
  67  5:40  Probe  
  71  5:45  Probe  
Tags
 
Add a new tag
Caveats
  • Supply blocks, unpowered buildings, or Contaminate may cause inaccurate times.
  • Supply counts are checked every 10 seconds.